 Dungeon Crawl Stone Soup version 0.19.1-1-g22dce08 (webtiles) character file.

355 ponk the Slasher (level 6, -3/49 HPs)
             Began as a Demonspawn Abyssal Knight on Jan 20, 2017.
             Was a Priest of Lugonu.
             Killed from afar by an orc wizard (9 damage)
             ... with a puff of flame
             ... on level 4 of the Dungeon.
             The game lasted 00:10:56 (3986 turns).

ponk the Slasher (Demonspawn Abyssal Knight)        Turns: 3986, Time: 00:10:57

Health: -3/49      AC:  8    Str: 12    XL:     6   Next: 36%
Magic:  7/7        EV: 11    Int: 14    God:    Lugonu [***...]
Gold:   147        SH:  0    Dex: 14    Spells: 0 memorised, 5 levels left

rFire  . . .     SeeInvis .     a - +2 falchion
rCold  . . .     Gourm    .     n - +0 leather armour (curse)
rNeg   . . .     Faith    .     (no shield)
rPois  .         Spirit   .     d - +1 hat
rElec  .         Reflect  .     (no cloak)
rCorr  .         Harm     .     (no gloves)
MR     .....                    h - +1 pair of boots
Stlth  +.........               (no amulet)
                                (no ring)
                                j - ring of flight

@: lethally poisoned (-3 -> -4), exhausted, flying, slowed, very slow
A: claws 1, rugged brown scales 2, powered by death 1
a: Depart the Abyss, Bend Space, Banish, Renounce Religion


You were on level 4 of the Dungeon.
You worshipped Lugonu.
Lugonu was most pleased with you.
You were not hungry.

You visited 1 branch of the dungeon, and saw 4 of its levels.
You visited the Abyss 1 time.

You collected 147 gold pieces.

Inventory:

Hand Weapons
 a - a +2 falchion (weapon)
 k - a +1 dagger of speed
Missiles
 e - 7 steel tomahawks (quivered)
 s - 5 tomahawks
Armour
 b - a +0 chain mail
 d - a +1 hat (worn)
 h - a +1 pair of boots (worn)
 n - a cursed +0 leather armour (worn)
Jewellery
 f - an uncursed ring of protection from fire {unknown}
 j - a ring of flight (left claw)
Scrolls
 p - a scroll of magic mapping
 t - a scroll of teleportation
 u - a scroll of identify
Potions
 o - a potion of magic {unknown}
 q - a potion of curing {unknown}
Comestibles
 c - 2 bread rations
 l - 7 fruits
 m - a beef jerky
 r - a chunk of flesh


   Skills:
 - Level 3.2 Fighting
 + Level 6.1 Long Blades
 - Level 1.7 Armour
 - Level 0.8 Dodging
 - Level 2.4 Invocations


You had 5 spell levels left.
You didn't know any spells.

Dungeon Overview and Level Annotations

Branches:
Dungeon (4/15)
 Temple: D:4-7

Altars:


Innate Abilities, Weirdness & Mutations

You have sharp fingernails.
You are mostly covered in rugged brown scales. (AC +2, +5% HP)
You regenerate a little health from kills.


Message History

You miss something.
You are no longer berserk.
You pass out from exhaustion.
You feel yourself slow down. The adder bites you.
* * * LOW HITPOINT WARNING * * *
You feel sick. Something hits you but does no damage.
The adder completely misses you.
You can move again.
It was a potion of flight.
You feel very buoyant.
You fly up into the air.
The adder barely misses you.
You riposte.
You slash the adder!
The adder is severely wounded.
Something hits you.
* * * LOW HITPOINT WARNING * * *
The adder bites you but does no damage.
You hear some strange, mumbled words.
A puff of flame appears from out of thin air!
The puff of flame hits you!
You die...

..#.#.#.#.#.#.# ..
#.#.# #.
###########.#.#..##
.........[....#....
.##########.......#
.)...............
#.########..........
.........){.........
........##@S........
.....##.##..........
.... #.##.....#####
... #.##.....# ..
#.##.....# #
#.######## #.#


You could see an adder.

Vanquished Creatures
  A crimson imp (D:3)
  An orc priest (D:3)
  A hound (D:4)
  3 orc wizards
  A worker ant (D:3)
  A gnoll (D:2)
  4 adders
  3 worms
  A dart slug (D:2)
  2 leopard geckos
  9 orcs
  16 bats
  6 giant cockroaches
  6 goblins
  11 hobgoblins
  10 jackals
  9 kobolds
  2 quokkas
  A ball python (D:1)
  2 frilled lizards (D:1)
  7 rats
97 creatures vanquished.

Notes
Turn   | Place    | Note
-------+----------+-------------------------------------------
     0 | Abyss:1  | ponk the Demonspawn Abyssal Knight began the quest for the Orb.
     0 | Abyss:1  | Reached XP level 1. HP: 18/18 MP: 2/2
   215 | Abyss:1  | Noticed a wraith
   223 | D:1      | Escaped the Abyss
   615 | D:1      | Reached skill level 2 in Long Blades
   621 | D:1      | Gained mutation: You are partially covered in rugged brown scales. (AC +1, +3% HP) [demonic ancestry]
   621 | D:1      | Reached XP level 2. HP: 4/24 MP: 3/3
   621 | D:1      | HP: 1/24 [kobold/stone (3)]
   959 | D:1      | Reached * piety under Lugonu
  1236 | D:1      | Gained mutation: You are mostly covered in rugged brown scales. (AC +2, +5% HP) [demonic ancestry]
  1236 | D:1      | Reached XP level 3. HP: 24/30 MP: 4/4
  1243 | D:1      | Reached skill level 3 in Long Blades
  1694 | D:2      | Reached ** piety under Lugonu
  1737 | D:2      | Gained mutation: You regenerate a little health from kills. [demonic ancestry]
  1737 | D:2      | Reached XP level 4. HP: 33/36 MP: 5/5
  2266 | D:2      | Reached skill level 4 in Long Blades
  2848 | D:3      | Reached XP level 5. HP: 33/43 MP: 6/6
  3149 | D:3      | Reached skill level 5 in Long Blades
  3824 | D:3      | Gained mutation: You have sharp fingernails. [demonic ancestry]
  3824 | D:3      | Reached XP level 6. HP: 49/49 MP: 7/7
  3933 | D:4      | Reached *** piety under Lugonu
  3965 | D:4      | Reached skill level 6 in Long Blades
  3986 | D:4      | Killed from afar by an orc wizard

Skill      XL: |  1  2  3  4  5  6 |
---------------+-------------------+-----
Long Blades    | 2 3 4 5 6 |  6.1
Fighting       | |  3.2
Armour         | |  1.7
Dodging        | |  0.8
Invocations    | |  2.4

Action                   |  1- 3 |  4- 6 || total
-------------------------+-------+-------++-------
Melee: Falchion          |   120 |   227 ||   347
Invok: Depart the Abyss  |     1 |       ||     1
  Use: Scroll            |     7 |     3 ||    10
       Potion            |       |     2 ||     2
 Stab: Sleeping          |     1 |     1 ||     2
  Eat: Chunk             |     3 |     7 ||    10
Armor: Leather armour    |    54 |   111 ||   165
Dodge: Dodged            |   104 |   115 ||   219
       Rpst.: Falchion   |    35 |    43 ||    78
